 Dungeon Crawl Stone Soup version 0.18-b1-10-g3f7de93 (webtiles) character file.

577 dobroeutro the Cudgeler (level 7, -5/41 HPs)
             Began as a Gargoyle Fighter on Apr 29, 2016.
             Killed from afar by an orc wizard (11 damage)
             ... with a puff of flame
             ... on level 4 of the Dungeon.
             The game lasted 00:04:22 (3415 turns).

dobroeutro the Cudgeler (Gargoyle Fighter)          Turns: 3415, Time: 00:04:23

Health: -5/41      AC: 10    Str: 21    XL:     7   Next: 35%
Magic:  16/16      EV:  8    Int:  9    God:
Gold:   159        SH:  9    Dex:  9    Spells: 0 memorised, 6 levels left

rFire  . . .     SeeInvis .     a - +0 flail
rCold  . . .     Gourm    .     r - +0 ring mail (curse)
rNeg   + . .     Faith    .     c - +0 shield
rPois  ∞         Spirit   .     (no helmet)
rElec  +         Dismiss  .     (no cloak)
rCorr  .         Reflect  .     (no gloves)
SustAt .         Harm     .     (no boots)
MR     .....                    (no amulet)
Stlth  ..........               o - ring of wizardry
                                j - ring of magical power

@: not resistant to hostile enchantments, extremely unstealthy
A: negative energy resistance 1, electricity resistance, unbreathing,
petrification resistance, rot immunity, AC +4
a: no special abilities


You were on level 4 of the Dungeon.
You were hungry.

You visited 1 branch of the dungeon, and saw 4 of its levels.

You collected 159 gold pieces.

Inventory:

Hand Weapons
 a - a +0 flail (weapon)
Armour
 b - a +0 scale mail
 c - a +0 shield (worn)
 r - a cursed +0 ring mail (worn)
 v - a +3 plate armour
Jewellery
 j - a ring of magical power (left hand)
 o - a ring of wizardry (right hand)
 z - an uncursed ring of fire {unknown}
Scrolls
 e - a scroll of teleportation {unknown}
 l - a scroll of remove curse {unknown}
 n - a scroll of recharging {unknown}
 p - 2 scrolls of immolation {unknown}
 t - a scroll of identify {unknown}
 y - a scroll of magic mapping {unknown}
Potions
 d - a potion of might
 i - 3 potions of curing {unknown}
 k - a potion of haste {unknown}
 m - a potion of ambrosia {unknown}
 q - 2 potions of invisibility {unknown}
 u - 2 potions of cure mutation {unknown}
 A - a potion of degeneration {unknown}
Comestibles
 f - 2 bread rations
 g - 4 fruits
 h - a beef jerky
 w - 2 meat rations
 x - a slice of pizza


   Skills:
 - Level 3.2 Fighting
 + Level 7.9 Maces & Flails
 - Level 3.2 Armour
 - Level 3.2 Shields


You had 6 spell levels left.
You didn't know any spells.

Dungeon Overview and Level Annotations

Branches:
Dungeon (4/15)
 Temple: D:4-7

Altars:
Ashenzari
Elyvilon
Qazlal

Annotations:
D:3 Shenda's ghost, amateur HOFi


Innate Abilities, Weirdness & Mutations

You are resistant to torment.
Your stone body is resilient (AC +4).
You are immune to poison.
You resist negative energy.
You are resistant to electric shocks.
You can survive without breathing.
You are immune to petrification.
You are immune to rotting.


Message History

The puff of flame hits you! The orc completely misses you.
You hear some strange, mumbled words.
A puff of flame appears from out of thin air!
The puff of flame hits you!
Your shield and ring mail prevent you from hitting something.
You hear some strange, mumbled words.
A puff of flame appears from out of thin air!
The puff of flame hits you!
Your shield prevents you from hitting something.
Something hits you but does no damage. You block something's attack.
You closely miss something. Something hits you.
You miss something.
You hear some strange, mumbled words.
A puff of flame appears from out of thin air!
The puff of flame hits you!
* * * LOW HITPOINT WARNING * * *
You hear some strange, mumbled words.
A puff of flame appears from out of thin air!
The puff of flame hits you!
You die...

)......# #>#
.......# #.#
.......# #.#
######## #.#
######### #.#
#.......# #.#
#.#####.# #.#
#.#####(######.##
###......oZ{@.....#
..#..####.#####..##
#.#..#...o.Z..#..#
#.#..#.##...#.#..#
#.#..# #...# #..#
#†#..# #...# #..#
#.#..# ....# #..#
#<...# #..### #..#
#....# #... #..#


You could see an orc and an adder skeleton.

Vanquished Creatures
  The ghost of Shenda the Caller, an amateur DsSu (D:4)
  Duvessa (D:4)
  A giant frog (D:2)
  Dowan (D:4)
  A worker ant (D:4)
  5 gnolls
  5 adders
  An ooze (D:1)
  2 worms
  2 dart slugs
  4 giant geckos
  5 orcs
  2 ball pythons
  9 bats
  3 giant cockroaches
  6 goblins (D:1)
  6 hobgoblins
  3 jackals (D:4)
  11 kobolds
  5 giant newts
  10 rats
84 creatures vanquished.

Vanquished Creatures (others)
  An orc wizard (D:4)
1 creature vanquished.

Grand Total: 85 creatures vanquished

Notes
Turn   | Place    | Note
--------------------------------------------------------------
     0 | D:1      | dobroeutro the Gargoyle Fighter began the quest for the Orb.
     0 | D:1      | Reached XP level 1. HP: 14/14 MP: 1/1
    70 | D:1      | Reached XP level 2. HP: 10/19 MP: 2/2
    88 | D:1      | Reached skill level 3 in Maces & Flails
   241 | D:1      | Reached XP level 3. HP: 11/23 MP: 3/3
   998 | D:2      | Reached skill level 4 in Maces & Flails
  1088 | D:2      | Reached XP level 4. HP: 18/28 MP: 4/4
  1276 | D:2      | Found a white marble altar of Elyvilon.
  1407 | D:3      | Noticed a giant frog
  1443 | D:2      | Killed a giant frog
  1443 | D:2      | Reached skill level 5 in Maces & Flails
  1443 | D:2      | Reached XP level 5. HP: 2/32 MP: 5/5
  1444 | D:2      | HP: 1/32 [gnoll/club (1)]
  1801 | D:3      | Found a stormy altar of Qazlal.
  1867 | D:3      | Found a shattered altar of Ashenzari.
  2024 | D:3      | Noticed Shenda's ghost (amateur HOFi)
  2599 | D:3      | Reached skill level 6 in Maces & Flails
  2721 | D:4      | Reached XP level 6. HP: 36/37 MP: 6/6
  2740 | D:4      | Noticed Shenda's ghost (amateur DsSu)
  2766 | D:4      | Killed Shenda's ghost
  2864 | D:4      | Reached skill level 7 in Maces & Flails
  2925 | D:4      | Noticed Duvessa
  2926 | D:4      | Noticed Dowan
  2945 | D:4      | Killed Duvessa
  2945 | D:4      | Reached XP level 7. HP: 25/41 MP: 7/7
  2952 | D:4      | Killed Dowan
  3415 | D:4      | Killed from afar by an orc wizard

Skill      XL: |  1  2  3  4  5  6 |
---------------+-------------------+-----
Maces & Flails | 3 4 5 6 7 |  7.9
Fighting       | |  3.2
Armour         | |  3.2
Shields        | |  3.2

Action                   |  1- 3 |  4- 6 |  7- 9 || total
-------------------------+-------+-------+-------++-------
Melee: Flail             |   169 |   216 |    32 ||   417
  Eat: Chunk             |     1 |     2 |     1 ||     4
       Bread ration      |       |     1 |       ||     1
Armor: Scale mail        |   154 |    53 |       ||   207
       Ring mail         |       |    51 |    15 ||    66
Dodge: Dodged            |    90 |    71 |     7 ||   168
Block: Shield            |   136 |   105 |    12 ||   253
